AoeStats
← aleph224aleph224

Arabia

505229644Analyzed
1v1 RM · 24d ago on Sep 8, 2026· 33m 42s· 2 players
Game mode
Random Map
Map size
Tiny (2 player)
Population
200
Speed
Normal
Resources
Standard
Victory
Conquest
Starting age
Dark Age
Ending age
Imperial Age
RankedLock teamsTeams togetherTeam positionsShared explorationLock speedFull tech treeHidden civsTurbo modeCheats
Victory
Defeat
🇨🇿 Magyars · Czechia
907
+16
🇹🇼 Maya · Taiwan
907
-16
aleph224aleph224
0:26 Loom
11:14 Feudal Age
18:15 Castle Age
20:24 Forging
25:24 Padded Archer Armor
27:26 Fletching
27:54 Leather Archer Armor
28:48 Bodkin Arrow
Liverboy
7:16 Loom
9:32 Feudal Age
10:54 Man-at-Arms
21:46 Castle Age
21:42 Horse Collar
21:54 Gold Mining
21:52 Double-Bit Axe
22:22 Stone Mining
22:55 Fletching
23:06 Padded Archer Armor
23:38 Bodkin Arrow
24:21 Bow Saw
29:19 Wheelbarrow
31:44 Bloodlines
33:37 Gold Shaft Mining
33:47 Scale Barding Armor
34:01 Leather Archer Armor
Connection lost

Rejoining the realm…

Still unreachable

The connection could not be restored.

Session expired

The server has moved on; the page needs a fresh start.